 Dungeon Sprint DCSS version 0.23.0-28-g6fe0f4d (webtiles) character file.

Game seed: 0

160000000 Fang the Conqueror (level 27, 249/249 HPs)
             Began as a Demonspawn Gladiator on Feb 25, 2019.
             Was the Champion of Makhleb.
             Escaped with the Orb!
             The game lasted 00:07:36 (800 turns).

Fang the Conqueror (Demonspawn Gladiator)            Turns: 800, Time: 00:07:36

Health: 249/249    AC: 10    Str: 28    XL:     27
Magic:  54/54      EV: 31    Int: 10    God:    Makhleb [******]
Gold:   0          SH:  0    Dex: 14    Spells: 80/80 levels left

rFire    . . .     SeeInvis .   l - +∞ Axe of Woe
rCold    . . .     Gourm    .   (shield currently unavailable)
rNeg     + . .     Faith    .   b - +0 leather armour
rPois    +         Spirit   .   (helmet unavailable)
rElec    .         Reflect  .   (no cloak)
rCorr    .         Harm     .   (no gloves)
MR       ++...     NoTele   +   (no boots)
Stlth    +++.......             (no amulet)
HPRegen  0.51/turn              n - +27000 ring of slaying
MPRegen  0.34/turn              (no ring)

@: no status effects
A: horns 3, slimy green scales 3, demonic guardian 3, negative energy resistance
1, powered by pain 3, 50% torment resistance, black mark
0: Orb of Zot
a: Minor Destruction, Lesser Servant of Makhleb, Major Destruction, Greater
Servant of Makhleb, Renounce Religion


You escaped.
You worshipped Makhleb.
Makhleb was exalted by your worship.
You were not hungry.

You visited 1 branch

Inventory:

Hand Weapons
 a - a +0 war axe
 l - the +∞ Axe of Woe (weapon)
   (You found it in the Dungeon)
Missiles
 d - 3 throwing nets (quivered)
Armour
 b - a +0 leather armour (worn)
 c - a +0 helmet
Jewellery
 m - an uncursed ring of protection from fire
 n - a +27000 ring of slaying (left hand)
Scrolls
 k - a scroll of blinking
Potions
 e - a potion of curing
 g - a potion of heal wounds
 h - a potion of haste
 i - 2 potions of magic
 j - a potion of berserk rage
Comestibles
 f - a ration


   Skills:
 O Level 27 Fighting
 O Level 27 Short Blades
 O Level 27 Long Blades
 O Level 27 Axes
 O Level 27 Maces & Flails
 O Level 27 Polearms
 O Level 27 Staves
 O Level 27 Slings
 O Level 27 Bows
 O Level 27 Crossbows
 O Level 27 Throwing
 O Level 27 Armour
 O Level 27 Dodging
 O Level 27 Stealth
 O Level 27 Shields
 O Level 27 Unarmed Combat
 O Level 27 Spellcasting
 O Level 27 Conjurations
 O Level 27 Hexes
 O Level 27 Charms
 O Level 27 Summonings
 O Level 27 Necromancy
 O Level 27 Translocations
 O Level 27 Transmutations
 O Level 27 Fire Magic
 O Level 27 Ice Magic
 O Level 27 Air Magic
 O Level 27 Earth Magic
 O Level 27 Poison Magic
 O Level 27 Invocations
 O Level 27 Evocations


You had 80 spell levels left.
You didn't know any spells.
Your spell library was empty.

Dungeon Overview and Level Annotations

Branches:
Dungeon (1/1)

Altars:
Makhleb


Innate Abilities, Weirdness & Mutations

You have a pair of large horns on your head.
You are completely covered in slimy green scales. (AC +4, rPois)
A powerful demonic guardian rushes to your aid.
You resist negative energy. (rN+)
You are powered by pain.
You are somewhat able to resist unholy torments (1 in 2 success).
Your melee attacks may debilitate your foes.


Message History

You hear a shout! x2
Items here: ))) === You hear a shout! x3
Items here: )))))))))))))))) ================ You hear a shout! x2
Items here: )))) ==== You hear a shout!
Items here: )))) ==== You hear a shout! x2
Items here: ))))))) ======= You hear a shout!
Things that are here:
a +9 war axe; a +30 ring of slaying You hear a shout! x3
You hear a shout!
Things that are here:
a +9 war axe; a +30 ring of slaying You hear a shout!
There is a staircase leading out of the dungeon here.
You have escaped!

.................................
..#..............)).............#
...#........#....)).#............
......#.....#....)..#...........#
...#......###.).....###..........
...)...........###.............##
.......#........_.)..............
.....#.......#....)#.......#.#...
###...)).....#_.@._#.............
#...).).)))))#..)).#......#.#.#..
.......#).)))).._)))))...).......
....)....))).).###))))..)..#.#.#.
..........###...).))###.)........
............#.)...).#............
............#.....))#.......).)..
...#............)..))............
..#.#.#..........))))...#...#...)


There were no monsters in sight!

Vanquished Creatures
  149 orcs (D)
  A Tzitzimitl (D)
  A Brimstone Fiend (D)
  5 pandemonium lords (D)
  A hellephant (D)
  A Hell Sentinel (D)
  A lich (D)
  3 Orb Guardians (D)
  An Executioner (D)
  A balrug (D)
  A lorocyproca (D)
  2 soul eaters (D)
  2 sun demons (D)
  A sixfirhy (D)
  A toenail golem (D)
  A tormentor (D)
  An ice devil (D)
  A red devil (D)
  A hellwing (D)
  3 large abominations (D)
  2 ynoxinuls (D)
  2 small abominations (D)
  2 ball lightnings (D)
  Dispater (D)
  4 vampire knights (D)
  24 ogres (D)
  6 two-headed ogres (D)
219 creatures vanquished.

Vanquished Creatures (collateral kills)
  A hellwing (D)
1 creature vanquished.

Vanquished Creatures (others)
  6 ball lightnings (D)
6 creatures vanquished.

Grand Total: 226 creatures vanquished

Notes
Turn   | Place    | Note
-------+----------+-------------------------------------------
     0 | D        | Found the +∞ Axe of Woe
     0 | D        | Fang the Demonspawn Gladiator began the quest for the Orb.
     0 | D        | Reached XP level 1. HP: 16/16 MP: 1/1
     4 | D        | Became a worshipper of Makhleb the Destroyer
     4 | D        | Noticed a bag of meat
     6 | D        | Noticed a bag of meat
     6 | D        | Noticed a bag of meat
     9 | D        | Noticed a bag of meat
    10 | D        | Killed a bag of meat
    10 | D        | Gained mutation: You have a pair of small horns on your
                  | head. [demonic ancestry]
    10 | D        | Reached XP level 2. HP: 43/43 MP: 2/2
    10 | D        | Reached XP level 3. HP: 49/49 MP: 3/3
    10 | D        | Gained mutation: A weak demonic guardian rushes to your
                  | aid. [demonic ancestry]
    10 | D        | Reached XP level 4. HP: 56/56 MP: 4/4
    10 | D        | Reached XP level 5. HP: 62/62 MP: 5/5
    10 | D        | Gained mutation: You sometimes gain a little power by
                  | taking damage. [demonic ancestry]
    10 | D        | Reached XP level 6. HP: 69/69 MP: 6/6
    10 | D        | Gained mutation: You are partially covered in slimy green
                  | scales. (AC +2) [demonic ancestry]
    10 | D        | Reached XP level 7. HP: 75/75 MP: 7/7
    10 | D        | Gained mutation: You sometimes gain power by taking damage.
                  | [demonic ancestry]
    10 | D        | Reached XP level 8. HP: 82/82 MP: 8/8
    10 | D        | Gained mutation: You are mostly covered in slimy green
                  | scales. (AC +3) [demonic ancestry]
    10 | D        | Reached XP level 9. HP: 88/88 MP: 9/9
    10 | D        | Reached XP level 10. HP: 95/95 MP: 10/10
    10 | D        | Reached XP level 11. HP: 101/101 MP: 11/11
    11 | D        | Killed a bag of meat
    11 | D        | Reached * piety under Makhleb
    11 | D        | Reached skill level 15 in Axes
    11 | D        | Reached skill level 15 in Throwing
    11 | D        | Reached skill level 15 in Dodging
    11 | D        | Reached XP level 12. HP: 96/113 MP: 12/12
    11 | D        | Noticed a bag of meat
    12 | D        | Noticed a bag of meat
    13 | D        | Killed a bag of meat
    13 | D        | Reached XP level 13. HP: 105/122 MP: 13/13
    13 | D        | Noticed a bag of meat
    13 | D        | Noticed a bag of meat
    14 | D        | Killed a bag of meat
    14 | D        | Reached XP level 14. HP: 114/133 MP: 14/14
    14 | D        | Noticed a bag of meat
    14 | D        | Noticed a bag of meat
    16 | D        | Noticed a bag of meat
    17 | D        | Killed a bag of meat
    17 | D        | Reached ** piety under Makhleb
    17 | D        | Killed a bag of meat
    17 | D        | Reached XP level 15. HP: 144/144 MP: 15/15
    19 | D        | Reached *** piety under Makhleb
    20 | D        | Gained mutation: A demonic guardian rushes to your aid.
                  | [demonic ancestry]
    20 | D        | Reached XP level 16. HP: 157/157 MP: 16/16
    21 | D        | Noticed a meat berserker
    25 | D        | Killed a meat berserker
    25 | D        | Reached **** piety under Makhleb
    25 | D        | Reached XP level 17. HP: 171/171 MP: 17/17
    25 | D        | Noticed a large bag of meat
    28 | D        | Noticed a meat berserker
    28 | D        | Noticed a meat berserker
    29 | D        | Noticed a large bag of meat
    30 | D        | Noticed a meat berserker
    30 | D        | Noticed a meat berserker
    30 | D        | Noticed a meat berserker
    31 | D        | Reached skill level 27 in Fighting
    32 | D        | Killed a meat berserker
    32 | D        | Reached ***** piety under Makhleb
    32 | D        | Gained mutation: You have a pair of horns on your head.
                  | [demonic ancestry]
    32 | D        | Reached XP level 18. HP: 182/182 MP: 18/18
    34 | D        | Killed a meat berserker
    34 | D        | Reached skill level 27 in Axes
    34 | D        | Reached skill level 27 in Throwing
    34 | D        | Reached skill level 27 in Dodging
    34 | D        | Killed a large bag of meat
    34 | D        | Reached XP level 19. HP: 77/189 MP: 18/34
    35 | D        | Killed a meat berserker
    35 | D        | Reached skill level 15 in Stealth
    35 | D        | Noticed a meat berserker
    35 | D        | Noticed a meat berserker
    36 | D        | Noticed a destroyer
    37 | D        | Killed a meat berserker
    37 | D        | Gained mutation: You are completely covered in slimy green
                  | scales. (AC +4, rPois) [demonic ancestry]
    37 | D        | Reached XP level 20. HP: 197/197 MP: 29/41
    38 | D        | Killed a destroyer
    38 | D        | Killed a meat berserker
    38 | D        | Reached ****** piety under Makhleb
    38 | D        | Killed a large bag of meat
    38 | D        | Reached skill level 27 in Invocations
    38 | D        | Gained mutation: You have a pair of large horns on your
                  | head. [demonic ancestry]
    38 | D        | Reached XP level 21. HP: 204/204 MP: 44/46
    39 | D        | Noticed a destroyer
    42 | D        | Gained mutation: A powerful demonic guardian rushes to your
                  | aid. [demonic ancestry]
    42 | D        | Reached XP level 22. HP: 212/212 MP: 45/50
    43 | D        | Reached skill level 27 in Stealth
    44 | D        | Reached skill level 27 in Armour
    44 | D        | Reached skill level 27 in Unarmed Combat
    44 | D        | Reached skill level 27 in Spellcasting
    46 | D        | Killed a destroyer
    46 | D        | Gained mutation: You resist negative energy. (rN+) [demonic
                  | ancestry]
    46 | D        | Reached XP level 23. HP: 219/219 MP: 46/54
    53 | D        | Gained mutation: You are somewhat able to resist unholy
                  | torments (1 in 2 success). [demonic ancestry]
    53 | D        | Reached XP level 24. HP: 227/227 MP: 48/54
    62 | D        | Noticed a large bag of meat
    66 | D        | Gained mutation: Your melee attacks may debilitate your
                  | foes. [demonic ancestry]
    66 | D        | Reached XP level 25. HP: 234/234 MP: 52/54
    70 | D        | Killed a large bag of meat
    71 | D        | Reached XP level 26. HP: 242/242 MP: 54/54
    75 | D        | Noticed a large bag of meat
    78 | D        | Gained mutation: You are powered by pain. [demonic
                  | ancestry]
    78 | D        | Reached XP level 27. HP: 249/249 MP: 54/54
   112 | D        | Noticed a destroyer
   113 | D        | Noticed a large bag of meat
   117 | D        | Noticed a large bag of meat
   124 | D        | Noticed a destroyer
   125 | D        | Killed a destroyer
   126 | D        | Killed a large bag of meat
   127 | D        | Killed a large bag of meat
   131 | D        | Killed a destroyer
   229 | D        | Noticed The Meatlord
   238 | D        | Killed The Meatlord
   243 | D        | Got the Orb of Zot
   266 | D        | Noticed Ipnitor the pandemonium lord
   270 | D        | Killed Ipnitor the pandemonium lord
   304 | D        | Noticed Qeupsou the pandemonium lord
   313 | D        | Killed Qeupsou the pandemonium lord
   433 | D        | Noticed Coifryx the pandemonium lord
   436 | D        | Killed Coifryx the pandemonium lord
   503 | D        | Reached skill level 27 in Short Blades
   503 | D        | Reached skill level 27 in Long Blades
   503 | D        | Reached skill level 27 in Maces & Flails
   503 | D        | Reached skill level 27 in Polearms
   503 | D        | Reached skill level 27 in Staves
   503 | D        | Reached skill level 27 in Slings
   503 | D        | Reached skill level 27 in Bows
   503 | D        | Reached skill level 27 in Crossbows
   503 | D        | Reached skill level 27 in Shields
   503 | D        | Reached skill level 27 in Conjurations
   503 | D        | Reached skill level 27 in Hexes
   503 | D        | Reached skill level 27 in Charms
   503 | D        | Reached skill level 27 in Summonings
   503 | D        | Reached skill level 27 in Necromancy
   503 | D        | Reached skill level 27 in Translocations
   503 | D        | Reached skill level 27 in Transmutations
   503 | D        | Reached skill level 27 in Fire Magic
   503 | D        | Reached skill level 27 in Ice Magic
   503 | D        | Reached skill level 27 in Air Magic
   503 | D        | Reached skill level 27 in Earth Magic
   503 | D        | Reached skill level 27 in Poison Magic
   503 | D        | Reached skill level 27 in Evocations
   549 | D        | Noticed Ipsuur the pandemonium lord
   553 | D        | Killed Ipsuur the pandemonium lord
   566 | D        | Killed a large bag of meat
   656 | D        | Noticed Tosoexz Osha the pandemonium lord
   659 | D        | Killed Tosoexz Osha the pandemonium lord
   800 | D        | Escaped with the Orb!

Skill      XL: |  1  2  3  4  5  6  7  8  9 10 11 12 13 14 15 16 17 18 19 20 21 22 23 24 25 26 27 |
---------------+----------------------------------------------------------------------------------+-----
Fighting       | 14 16 18 19 21 23 26 27 | 27.0
Axes           | 13 15 17 18 19 21 24 26 27 | 27.0
Throwing       | 13 15 16 18 19 21 24 26 27 | 27.0
Dodging        | 13 15 17 18 19 21 24 26 27 | 27.0
Armour         | 11 17 21 24 27 | 27.0
Stealth        | 12 18 23 26 27 | 27.0
Unarmed Combat | 11 17 21 24 27 | 27.0
Spellcasting   | 11 17 21 24 27 | 27.0
Invocations    | 16 22 27 | 27.0
Short Blades   | 27 | 27.0
Long Blades    | 27 | 27.0
Maces & Flails | 27 | 27.0
Polearms       | 27 | 27.0
Staves         | 27 | 27.0
Slings         | 27 | 27.0
Bows           | 27 | 27.0
Crossbows      | 27 | 27.0
Shields        | 27 | 27.0
Conjurations   | 27 | 27.0
Hexes          | 27 | 27.0
Charms         | 27 | 27.0
Summonings     | 27 | 27.0
Necromancy     | 27 | 27.0
Translocations | 27 | 27.0
Transmutations | 27 | 27.0
Fire Magic     | 27 | 27.0
Ice Magic      | 27 | 27.0
Air Magic      | 27 | 27.0
Earth Magic    | 27 | 27.0
Poison Magic   | 27 | 27.0
Evocations     | 27 | 27.0

Action                   |  1- 3 |  4- 6 |  7- 9 | 10-12 | 13-15 | 16-18 | 19-21 | 22-24 | 25-27 || total
-------------------------+-------+-------+-------+-------+-------+-------+-------+-------+-------++-------
Melee: Executioner's axe |     1 |       |       |     2 |     5 |     6 |     6 |    17 |   114 ||   151
Armor: Leather armour    |       |       |       |       |       |       |       |     1 |     4 ||     5
Dodge: Dodged            |       |       |       |     1 |     1 |     1 |       |       |    32 ||    35
